 Dungeon Crawl Stone Soup version 0.29.0-11-gd7f09526c8 (webtiles) character file.

Game seed: 14683858363337513326

522 night the Ogre Mage (level 7, -3/59 HPs)
             Began as an Ogre Conjurer on Sept 5, 2022.
             Was an Initiate of Nemelex Xobeh.
             Slain by an orc warrior
             ... wielding a +0 halberd
              (24 damage)
             ... on level 5 of the Dungeon.
             The game lasted 00:08:46 (4340 turns).

night the Ogre Mage (Ogre Conjurer)                 Turns: 4340, Time: 00:08:47

Health: -3/59      AC:  4    Str: 12    XL:     7   Next: 22%
Magic:  5/24       EV:  9    Int: 21    God:    Nemelex Xobeh [......]
Gold:   251        SH:  0    Dex:  7    Spells: 6/17 levels left

rFire   . . .      SeeInvis .   j - +0 mace
rCold   . . .      Faith    .   (no shield)
rNeg    . . .      Spirit   .   a - +1 robe
rPois   .          Reflect  .   (helmet restricted)
rElec   .          Harm     .   (no cloak)
rCorr   .          Rampage  .   (gloves unavailable)
Will    .....                   (boots unavailable)
Stlth   +.........              t - amulet of regeneration
HPRegen 0.99/turn               z - ring of magical power
MPRegen 0.19/turn               (no ring)

@: no status effects
A: large, unfitting armour, tough skin 1
a: Renounce Religion, Draw Escape, Draw Destruction, Draw Summoning


You were on level 5 of the Dungeon.
You worshipped Nemelex Xobeh.
Nemelex Xobeh was noncommittal.
You visited 2 branches of the dungeon, and saw 6 of its levels.

You collected 251 gold pieces.

Inventory:

Hand Weapons
 f - a +0 whip
 j - a +0 mace (weapon)
Missiles
 e - 3 boomerangs
 i - 35 stones
 p - 3 curare-tipped darts
 w - 5 large rocks
 y - 11 poisoned darts
Armour
 a - a +1 robe (worn)
Jewellery
 t - an amulet of regeneration (around neck)
 z - a ring of magical power (left hand)
Wands
 x - a wand of flame (27)
Scrolls
 g - a scroll of magic mapping
 h - a scroll of fear
 n - a scroll of amnesia
 o - a scroll of blinking
 q - 2 scrolls of teleportation
 r - 2 scrolls of torment
 u - 2 scrolls of identify
Potions
 b - a potion of magic
 c - 4 potions of curing {unknown}
 d - a potion of haste {unknown}
 k - 2 potions of mutation {unknown}
 l - 2 potions of cancellation {unknown}
 m - a potion of brilliance {unknown}
 s - 2 potions of degeneration {unknown}
 v - 2 potions of lignification {unknown}
 A - a potion of ambrosia {unknown}
 B - a potion of heal wounds {unknown}
 C - a potion of might {unknown}


   Skills:
 - Level 1.7 Dodging
 - Level 1.4 Stealth
 + Level 5.5 Spellcasting
 + Level 5.4 Conjurations
 + Level 1.5 Hexes
 + Level 2.5 Translocations


You had 6 spell levels left.
You knew the following spells:

 Your Spells              Type           Power      Damage    Failure   Level
a - Magic Dart            Conj           100%       1d8       1%          1
b - Searing Ray           Conj           56%        2d6       1%          2
c - Iskenderun's Mystic   Conj/Tloc      22%        2d6       21%         4
d - Fulminant Prism       Conj/Hex       10%        3d9       24%         4

Your spell library contained the following spells:

 Spells                   Type           Power      Damage    Failure   Level
 Dazzling Flash           Conj/Hex       40%        N/A       8%          3
 Ensorcelled Hibernation  Hex/Ice        16%        N/A       12%         2
 Frozen Ramparts          Ice            10%        1d2       30%         3
 Spider Form              Tmut/Pois      5%         N/A       30%         3
 Anguish                  Hex/Necr       4%         N/A       58%         4
 Ice Form                 Ice/Tmut       5%         N/A       71%         4
 Summon Ice Beast         Ice/Summ       5%         N/A       71%         4


Dungeon Overview and Level Annotations

Branches:
Dungeon (5/15)             Temple (1/1) D:4

Altars:
Cheibriados
Dithmenos
Fedhas
Makhleb
Nemelex Xobeh
Ru
Trog
Vehumet
Yredelemnul
The Shining One
Lugonu

Shops:
D:1 :

Annotations:
D:4 2 transporters, EtherCrawl's ghost, amateur HuMo


Innate Abilities, Weirdness & Mutations

You are too large for most types of armour.
You have tough skin. (AC +1)


Message History

You conjure a prism of explosive energy!
A fulminant prism comes into view.
Your magical contamination has completely faded away.
The orc warrior barely misses you.
Your fulminant prism crackles loudly.
The orc warrior hits you from afar with a +0 halberd.
Your fulminant prism explodes!
The blast of energy engulfs the orc warrior!
The orc warrior is severely wounded.
The blast of energy engulfs the orc priest!
The orc priest is heavily wounded.
The orc priest invokes the aid of Beogh against you.
Beogh smites you!
Casting: Fulminant Prism (quite dangerous; 26% risk of failure)
Confirm with . or Enter, or press ? or * to list all spells.
Aiming: Fulminant Prism (quite dangerous; 26% risk of failure)
Press: ? - help, Dir - move target You conjure a prism of explosive energy!
A fulminant prism comes into view.
The orc warrior hits you from afar with a +0 halberd.
The orc warrior hits you from afar with a +0 halberd.
Your fulminant prism crackles loudly.
The orc warrior hits you from afar with a +0 halberd!!
Your fulminant prism explodes!
The blast of energy engulfs the orc warrior!
The orc warrior is almost dead.
The blast of energy engulfs the orc priest!!
You kill the orc priest!
The blast of energy engulfs the orc!!
You kill the orc!
You hear a shout!
Casting: Fulminant Prism (quite dangerous; 24% risk of failure)
Confirm with . or Enter, or press ? or * to list all spells.
Aiming: Magic Dart (safe; 1% risk of failure)
Press: ? - help, Shift-Dir - straight line The magic dart hits the orc warrior but does no damage.
The orc warrior is almost dead.
The orc warrior hits you from afar with a +0 halberd!!
You die...
Your body disappears without a glow.

. o. o. # ###o#
##. ..o
###.?.#####)###.#.
........@.o)......
###...#####.#####.
##. .# # .. ###


You could see an orc warrior.

Vanquished Creatures
  A phantom (D:4)
  A scorpion (D:4)
  4 orc priests
  2 iguanas (D:4)
  2 orc wizards (D:3)
  5 gnolls
  3 adders
  2 worms
  10 orcs
  7 ball pythons
  7 endoplasms
  6 giant cockroaches
  9 hobgoblins
  7 kobolds
  A quokka (D:2)
  10 bats
  5 frilled lizards
  6 goblins
  5 rats
93 creatures vanquished.

Vanquished Creatures (others)
  5 fulminant prisms
5 creatures vanquished.

Grand Total: 98 creatures vanquished

Notes
Turn   | Place    | Note
-------+----------+-------------------------------------------
     0 | D:1      | night the Ogre Conjurer began the quest for the Orb.
     0 | D:1      | Reached XP level 1. HP: 16/16 MP: 3/3
   325 | D:1      | Reached XP level 2. HP: 9/24 MP: 0/5
   533 | D:1      | Found Taavvo's Vocational Training.
   629 | D:1      | Learned a level 2 spell: Searing Ray
   884 | D:1      | Reached XP level 3. HP: 31/31 MP: 1/7
  1859 | D:2      | Reached XP level 4. HP: 32/39 MP: 5/9
  2291 | D:2      | Learned a level 4 spell: Iskenderun's Mystic Blast
  2578 | D:3      | Reached XP level 5. HP: 37/45 MP: 2/11
  2658 | D:3      | Reached skill level 1 in Translocations
  3043 | D:3      | Found a basalt altar of Yredelemnul.
  3295 | D:4      | Noticed a phantom
  3312 | D:4      | Killed a phantom
  3313 | D:4      | Reached skill level 5 in Spellcasting
  3313 | D:4      | Reached skill level 5 in Conjurations
  3313 | D:4      | Reached XP level 6. HP: 53/53 MP: 13/13
  3318 | D:4      | Learned a level 4 spell: Fulminant Prism
  3411 | D:4      | Found a transporter.
  3416 | D:4      | Noticed EtherCrawl's ghost (amateur HuMo)
  3475 | D:4      | Reached skill level 2 in Translocations
  3573 | D:4      | Reached skill level 1 in Hexes
  3662 | D:4      | Found a staircase to the Ecumenical Temple.
  3673 | Temple   | Entered the Ecumenical Temple
  3714 | Temple   | Became a worshipper of Nemelex Xobeh the Trickster
  3775 | D:4      | Reached XP level 7. HP: 59/59 MP: 15/15
  3905 | D:4      | Found a blossoming altar of Fedhas.
  3955 | D:4      | Found a sacrificial altar of Ru.
  4083 | D:4      | Found a transporter.
  4325 | D:5      | Entered Level 5 of the Dungeon
  4340 | D:5      | Slain by an orc warrior

Illustrated notes

Levels and vault maps discovered:
D:1:      enne_arrival_octagon_isle, layout_rooms, minivault_5,
          nicolae_shop_vocational
D:2:      layout_basic
D:3:      layout_basic, general_overflow_altar
D:4:      layout_loops_ring, amcnicky_altar_gilded,
          mainiacjoe_overflow_boulevard, minmay_temple_entry_ruins,
          gammafunk_ghost_stat_death
D:5:      layout_loops_corners, grunt_temple_overflow_gold_and_silver,
          nicolae_overflow_squiral, guppyfry_early_orc_mine
Temple:   corrupted_temple

Skill      XL: |  1  2  3  4  5  6 |
---------------+-------------------+-----
Spellcasting   | 3 4 5 |  5.5
Conjurations   | 4 5 |  5.4
Translocations | 1 2 |  2.5
Hexes          | 1 |  1.5
Dodging        | |  1.7
Stealth        | |  1.4

Action                   |  1- 3 |  4- 6 |  7- 9 || total
-------------------------+-------+-------+-------++-------
Melee: Unarmed           |     6 |       |       ||     6
       Mace              |    16 |     7 |     6 ||    29
 Cast: Magic Dart        |    62 |    61 |     9 ||   132
       Searing Ray       |     3 |    12 |     1 ||    16
       Fulminant Prism   |       |     1 |     4 ||     5
  Use: Scroll            |     3 |     6 |       ||     9
 Stab: Sleeping          |       |       |     1 ||     1
Armor: Robe              |    12 |    15 |     1 ||    28
Dodge: Dodged            |    20 |    21 |     8 ||    49
